 Dungeon Crawl Stone Soup version 0.28-a0-20-gdd470a43dd (webtiles) character file.

Game seed: 16499096454135672064

155 Blejac999 the Grave Robber (level 5, -1/36 HPs)
             Began as a Mummy Necromancer on July 26, 2021.
             Slain by a wight (21 damage)
             ... on level 3 of the Dungeon.
             The game lasted 00:09:04 (3632 turns).

Blejac999 the Grave Robber (Mummy Necromancer)      Turns: 3632, Time: 00:09:04

Health: -1/36      AC:  4    Str: 11    XL:     5   Next: 14%
Magic:  12/12      EV: 11    Int: 16    God:
Gold:   111        SH:  0    Dex: 12    Spells: 6/13 levels left

rFire   x . .      SeeInvis .   (no weapon)
rCold   + . .      Faith    .   (no shield)
rNeg    + + +      Spirit   .   e - +0 leather armour
rPois   ∞          Reflect  .   d - +0 helmet
rElec   .          Harm     .   (no cloak)
rCorr   .          Rampage  .   (no gloves)
Will    .....                   (no boots)
Stlth   ++........              (no amulet)
HPRegen 0.12/turn               j - ring of wizardry
MPRegen 0.13/turn               a - ring of wizardry

@: about to teleport
A: cold resistance 1, negative energy resistance 3, torment resistance 2, heat
vulnerability 1, no potions
a: no special abilities


You were on level 3 of the Dungeon.
You visited 1 branch of the dungeon, and saw 4 of its levels.

You collected 111 gold pieces.

Inventory:

Missiles
 g - a throwing net
Armour
 d - a +0 helmet (worn)
 e - a +0 leather armour (worn)
Jewellery
 a - a ring of wizardry (right hand)
 c - a ring of fire
 j - a ring of wizardry (left hand)
Scrolls
 i - 2 scrolls of fear


   Skills:
 + Level 0.4 Fighting
 + Level 0.3 Armour
 + Level 1.6 Dodging
 + Level 1.6 Stealth
 + Level 0.4 Unarmed Combat
 + Level 4.7 Spellcasting
 + Level 5.2 Necromancy


You had 6 spell levels left.
You knew the following spells:

 Your Spells              Type           Power      Damage    Failure   Level
a - Pain                  Necr           80%        1d8       1%          1
b - Vampiric Draining     Necr           10%        2d7       1%          3
c - Call Canine Familiar  Summ           3%         N/A       16%         3

Your spell library contained the following spells:

 Spells                   Type           Power      Damage    Failure   Level
 Animate Skeleton         Necr           40%        N/A       1%          1
 Animate Dead             Necr           10%        N/A       7%          4
 Conjure Flame            Conj/Fire      3%         6-21      16%         3
 Ignite Poison            Fire/Tmut/Pois 3%         N/A       16%         3
 Portal Projectile        Hex/Tloc       6%         N/A       16%         3
 Agony                    Necr           20%        N/A       17%         5
 Leda's Liquefaction      Hex/Erth       1%         N/A       45%         4
 Sticky Flame             Conj/Fire      3%         2d3       45%         4


Dungeon Overview and Level Annotations

Branches:
Dungeon (4/15)
 Temple: D:4-7

Altars:
Okawaru

Annotations:
D:2 Terence


Innate Abilities, Weirdness & Mutations

You are immune to poison.
Your flesh is cold resistant. (rC+)
You are immune to negative energy. (rN+++)
You are immune to unholy pain and torment.
You are vulnerable to heat. (rF-)
You do not drink.


Message History

Okay, then.
Natasha hisses angrily.
Natasha barely resists.
Natasha wildly gestures.
Natasha shimmers violently.
Natasha casts a spell at you. The magic dart hits you!
Natasha writhes in agony!
Natasha writhes in agony.
Natasha writhes in agony.
Casting: Pain (safe; 1% risk of failure)
Confirm with . or Enter, or press ? or * to list all spells.
Aiming: Vampiric Draining (dangerous; 2% risk of failure)
Press: ? - help, Shift-Dir - straight line, f/p - Natasha
Aim: Natasha (almost dead)
You draw life force from Natasha!
You kill Natasha!
Natasha screams in fury as she dies!
You feel life coursing into your body.
You have reached level 5!
You feel clever.
You start resting.
HP restored.
You start resting.
Magic restored.
You open the door. 2 wights come into view.
Found a club.
As you close the door, it creaks loudly!
A wight opens the door.
Found a quarterstaff.
There is a stone staircase leading up here.
The wight hits you with a +3 battleaxe!
You climb upwards.
There is a stone staircase leading down here.
As you read the scroll of teleportation, it crumbles to dust.
You feel strangely unstable.
The wight hits you with a +3 battleaxe!!
Ouch! That really hurt!
You die...

#.# #.# #............ #.# #.#
#..###(####.. #.# #.####..#
#....... #.# #..[....# ######..
#.# #####...###### #.. #.#
#.....#......###.. #.#
#.###...###.#.##.. #.### #z#
##.###.###.... #...# #@# #.#
##.#.##.. ###.# #.# #.# ##.###.#
#.# #.# #.# #.# #.# #.# #.# #.#
#.# #.# #.# #.# #.# #.# #.# #.#
### #.# #.# #.# #.# #.# ##.##
#.####.#####.###.#
#.####...###...........!....#
#####..##.....#######.#####..#..#


You could see a wight.

Vanquished Creatures
  Natasha (D:4)
  4 adders (D:3)
  3 gnolls (D:2)
  A dart slug (D:2)
  4 ball pythons
  4 endoplasms
  A giant cockroach (D:1)
  7 goblins
  8 hobgoblins
  5 jackals
  4 kobolds
  3 quokkas
  9 bats
  A frilled lizard (D:3)
  5 rats
  A spectral hobgoblin (D:3)
61 creatures vanquished.

Notes
Turn   | Place    | Note
-------+----------+-------------------------------------------
     0 | D:1      | Blejac999 the Mummy Necromancer began the quest for the
                  | Orb.
     0 | D:1      | Reached XP level 1. HP: 13/13 MP: 4/4
   548 | D:1      | Reached XP level 2. HP: 19/19 MP: 3/5
  1448 | D:1      | Found an iron altar of Okawaru.
  1534 | D:2      | Reached XP level 3. HP: 20/24 MP: 2/7
  1899 | D:2      | Learned a level 3 spell: Vampiric Draining
  1903 | D:2      | Learned a level 3 spell: Call Canine Familiar
  2177 | D:2      | Reached XP level 4. HP: 30/31 MP: 2/9
  2210 | D:2      | Reached skill level 5 in Necromancy
  2368 | D:2      | Noticed Terence
  2557 | D:2      | You fall into a shaft and drop 1 floor!
  2560 | D:3      | Found a faded altar of an unknown god.
  3546 | D:4      | Noticed Natasha
  3556 | D:4      | Killed Natasha
  3557 | D:4      | Reached XP level 5. HP: 30/36 MP: 3/12
  3632 | D:3      | Slain by a wight

Illustrated notes

Levels and vault maps discovered:
D:1:      dpeg_arrival_water_altar, layout_loops_ring,
          minmay_misc_feat_enclosed, minmay_misc_feat_roman
D:2:      layout_basic, minmay_tall_x, uniq_terence
D:3:      layout_loops_ring, dreamdust_ecumenical_altar_drowned_temple,
          minmay_fractal_squares_5
D:4:      layout_basic, minmay_temple_entry_junction_2, gammafunk_ghost_arena,
          roderic_lattice_a, minivault_25, minmay_misc_feat_doors, uniq_grinder,
          uniq_natasha, uniq_pikel

Skill      XL: |  1  2  3  4 |
---------------+-------------+-----
Spellcasting   | 3 4 |  4.7
Necromancy     | 5 |  5.2
Fighting       | |  0.4
Armour         | |  0.3
Dodging        | |  1.6
Stealth        | |  1.6
Unarmed Combat | |  0.4

Action                   |  1- 3 |  4- 6 || total
-------------------------+-------+-------++-------
Melee: Unarmed           |    26 |    44 ||    70
 Cast: Pain              |    71 |    36 ||   107
       Vampiric Draining |     3 |     5 ||     8
  Use: Scroll            |     1 |     4 ||     5
 Stab: Sleeping          |       |     1 ||     1
Armor: Robe              |     5 |       ||     5
       Leather armour    |     3 |    17 ||    20
Dodge: Dodged            |    32 |    26 ||    58

Table legend: (Time is in decaauts)
 A = Elapsed time spent in this place.
 B = Non-inter-level travel time spent in this place.
 C = Inter-level travel time spent in this place.
 D = Time resting spent in this place.
 E = Time spent auto-exploring this place.
 F = Levels seen in this place.
 G = Mean time per level.
                   A        B        C        D        E       F      G
               +--------+--------+--------+--------+--------+-----+--------+
         Total |   3645 |   3554 |     91 |    819 |   2108 |   4 |  911.2 |
       Dungeon |   3645 |   3554 |     91 |    819 |   2108 |   4 |  911.2 |
               +--------+--------+--------+--------+--------+-----+--------+

Top non-repeatable levels by time:
     D:1: 1543 daAuts
     D:2: 1011 daAuts
     D:3: 1001 daAuts
     D:4: 89 daAuts
